Pick #1

Connor Bedard
Pick #2

Leo Carlsson
Pick #3

Adam Fantilli
Pick #4

Matvei Michkov
Pick #5

David Reinbacher
Pick #6

William Smith
Pick #7

Zachary Benson
Pick #8

Ryan Leonard
Pick #9

Gabriel Perreault
Pick #10

Axel Sandin-Pellika
Pick #11

Daniil But
Pick #12

Dalibor Dvorsky
Pick #13

Quentin Musty
Pick #14

Brayden Yager
Pick #15

Dmitry Simashev
Pick #16

Colby Barlow
Pick #17

Andrew Cristall
Pick #18

Easton Cowan
Pick #19

Jacob Fowler
Pick #20

Oliver Moore
Pick #21

Oliver Bonk
Pick #22

Tom Willander
Pick #23

Calum Ritchie
Pick #24

Tanner Molendyk
Pick #25

Gavin Brindley
Pick #26

Nate Danielson
Pick #27

Pick #28

Pick #29

Pick #30

Pick #31

Pick #32

Pick #33

Pick #34

Pick #35

Pick #36

Pick #37

Pick #38

Pick #39

Pick #40

Pick #41

Pick #42

Pick #43

Pick #44

Pick #45

Pick #46

Pick #47

Pick #48

Pick #49

Pick #50

Pick #51

Pick #52

Pick #53

Pick #54

Pick #55

Pick #56

Pick #57

Pick #58

Pick #59

Pick #60

Pick #61

Pick #62

Pick #63

Pick #64

Pick #65

Pick #66

Pick #67

Pick #68

Pick #69

Pick #70

Pick #71

Pick #72

Pick #73

Pick #74

Pick #75

Pick #76

Pick #77

Pick #78

Pick #79

Pick #80

Pick #81

Pick #82

Pick #83

Pick #84

Pick #85

Pick #86

Pick #87

Pick #88

Pick #89

Pick #90

Pick #91

Pick #92

Pick #93

Pick #94

Pick #95

Pick #96

Pick #97

Pick #98

Pick #99

Pick #100

Pick #101

Pick #102

Pick #103

Pick #104

Pick #105

Pick #106

Pick #107

Pick #108

Pick #109

Pick #110

Pick #111

Pick #112

Pick #113

Pick #114

Pick #115

Pick #116

Pick #117

Pick #118

Pick #119

Pick #120

Pick #121

Pick #122

Pick #123

Pick #124

Pick #125

Pick #126

Pick #127

Pick #128

Pick #129

Pick #130

Full Scoreboard »»

Bruins vs MapleLeafs

Created - January 23, 2024 at 08:46

Goals
1 2 3 T
Bruins 1 2 2 5
MapleLeafs 0 1 0 1
Shots
1 2 3 T
Bruins 13 8 9 30
MapleLeafs 8 10 3 21

GoalsPenalties
1st period
1. Bruins , Trevor Zegras 12 (Anze Kopitar 24, Bryan Rust 19) at 13:46 (PP)
Zach Whitecloud (TOR) for Hooking (Minor) at 13:24
2nd period
2. Bruins , Kailer Yamamoto 7 (Mark Giordano 11, Charlie Coyle 10) at 1:13
3. Bruins , Nick Paul 2 (Cam Fowler 30) at 4:01
4. MapleLeafs , Anthony Duclair 8 (Rasmus Sandin 13, Mikael Granlund 17) at 5:10
Jamie Oleksiak (BOS) for Hooking (Minor) at 1:30
Brett Pesce (BOS) for Goalie Interference (Minor) at 6:12
3rd period
5. Bruins , Nick Paul 3 (Brett Pesce 18, Mark Giordano 12) at 17:25
6. Bruins , Tom Wilson 21 (Brett Pesce 19, Nicolas Roy 10) at 18:36 (PP)
Alexander Romanov (TOR) for High sticking (Minor) at 18:12
Goalie Stats
Jake Oettinger (BOS), 20 saves from 21 shots - (0.952), W, 18-11-2, 60:00 minutes
Jordan Binnington (TOR), 25 saves from 30 shots - (0.833), L, 6-13-4, 60:00 minutes
3 StarsOfficial
1 - Nick Paul (BOS)
2 - Mark Giordano (BOS)
3 - Kailer Yamamoto (BOS)
Referees : TJ Luxmore and Kyle Rehman
Linesman : Colin Gates and Brent Colby
Game Note
Nicolas Hague is injured at 2:32 of 3rd period (Bruised Right Foot)
Finance
Level 1 -- Attendance: 6428 (98.89%) -- Ticket Income $707,080
Level 2 -- Attendance: 4792 (95.84%) -- Ticket Income $431,280
Level 3 -- Attendance: 2943 (84.09%) -- Ticket Income $191,295
Level 4 -- Attendance: 2625 (93.12%) -- Ticket Income $105,000
Luxury Box -- Attendance: 1000 (100.00%) -- Ticket Income $220,000
Game was played at the Air Canada Center.
Total Attendance: 17788 (94.52%)
Total Ticket Income: $1,654,655
Other Income: $413,664
Total Income: $2,068,319



Team Name Goals Shots Shots Attemp Shots Blocked PIM HIT PP PK FO%
Bruins 5305794182 / 2 (100%)047%
MapleLeafs 1215024180 / 2 (0%)253%

Bruins
Player Name POS G A P +/- PIM HIT SHT SB MP PP MP PP SHT PK MP PK SHT FO% FOT
Anze KopitarC011-1011018:410:1200:00050% 18
Brady SkjeiD0000013121:170:1022:0300% 0
Brett PesceD0222211119:190:3601:1100% 0
Bryan RustRW011-1022020:080:1201:3700% 1
Cam FowlerD0110011119:250:0000:3100% 0
Charlie CoyleC0111021014:320:0002:21062% 13
Dmitry KulikovD000000016:120:0000:0000% 0
Jamie OleksiakD0000210012:580:0000:0000% 0
Kailer YamamotoRW1011013112:230:3400:0000% 0
Mark GiordanoD0222000119:540:1002:3300% 0
Nick PaulLW2023024020:480:0001:3700% 1
Nicolas RoyC011203208:280:3400:00075% 8
T.J. BrodieD0000000320:530:3601:3800% 0
Tom WilsonRW1010036017:480:3410:0000% 0
Trevor ZegrasC1010002017:260:1210:00031% 16
Tyler BertuzziLW000200207:540:0000:0000% 0
Yegor SharangovichC000-1001020:400:0002:2100% 2
Zach PariseLW0000001017:140:0000:0000% 0
MapleLeafs
Player Name POS G A P +/- PIM HIT SHT SB MP PP MP PP SHT PK MP PK SHT FO% FOT
Alexander RomanovD000-1240019:340:0000:1200% 0
Alexander WennbergC000-1000018:102:0500:46039% 18
Andrew MangiapaneLW0000001017:191:5300:0000% 0
Anthony DuclairLW101-1011017:291:5300:0000% 1
Drake BathersonRW000-1020017:242:0500:0000% 1
Erik CernakD000-1031019:200:0000:3400% 0
Filip ChytilC000-1003016:200:0000:000100% 1
John MarinoD000-2000022:212:0400:2400% 0
Jon MarchessaultLW/RW0000013017:312:0500:0000% 1
Jonatan BerggrenRW000000009:390:0000:0000% 0
Jonathan HuberdeauC000-1002017:401:5300:00025% 4
Mikael GranlundC011-1002015:360:0000:00073% 15
Nicolas HagueD0000013115:111:5420:1000% 0
Noah CatesLW0000000010:150:0000:460100% 1
Noel AcciariC000002108:550:0000:00040% 5
Rasmus SandinD0110011120:532:0410:1200% 0
Shane PintoC0000011015:260:0000:00067% 12
Zach WhitecloudD0000222020:091:5400:0000% 0



Play-by-Play

1st period


0:01 of 1st period - Anze Kopitar wins face-off versus Alexander Wennberg in neutral zone.
0:52 of 1st period - John Marino is hit by Bryan Rust and loses puck.
1:07 of 1st period - Icing by John Marino.
1:08 of 1st period - Alexander Wennberg wins face-off versus Charlie Coyle in MapleLeafs zone.
2:34 of 1st period - Brett Pesce is hit by Zach Whitecloud.
3:26 of 1st period - Shot by Anze Kopitar.
3:26 of 1st period - Stopped by Jordan Binnington without a rebound.
3:27 of 1st period - Nicolas Roy wins face-off versus Noel Acciari in MapleLeafs zone.
3:28 of 1st period - Shot by Nick Paul.
3:28 of 1st period - Stopped by Jordan Binnington without a rebound.
3:29 of 1st period - Noel Acciari wins face-off versus Nicolas Roy in MapleLeafs zone.
3:36 of 1st period - Shot by Tyler Bertuzzi.
3:36 of 1st period - Stopped by Jordan Binnington with a rebound.
3:38 of 1st period - Shot by Nicolas Roy.
3:38 of 1st period - Stopped by Jordan Binnington without a rebound.
3:39 of 1st period - Trevor Zegras wins face-off versus Shane Pinto in MapleLeafs zone.
3:40 of 1st period - Shot by Tom Wilson.
3:40 of 1st period - Stopped by Jordan Binnington without a rebound.
3:41 of 1st period - Nicolas Roy wins face-off versus Noel Acciari in MapleLeafs zone.
4:12 of 1st period - Noel Acciari is hit by Nicolas Roy and loses puck.
4:44 of 1st period - Shot by Jon Marchessault.
4:44 of 1st period - Shot Blocked by T.J. Brodie.
5:02 of 1st period - Shot by Andrew Mangiapane.
5:02 of 1st period - Shot Misses the Net.
5:04 of 1st period - Shot by Jon Marchessault.
5:04 of 1st period - Stopped by Jake Oettinger with a rebound.
5:51 of 1st period - Shot by Anthony Duclair.
5:51 of 1st period - Shot Blocked by Dmitry Kulikov.
5:53 of 1st period - Shot by Anthony Duclair.
5:53 of 1st period - Deflect By Mikael Granlund.
5:53 of 1st period - Shot Misses the Net.
6:01 of 1st period - Shot by John Marino.
6:01 of 1st period - Shot Misses the Net.
6:13 of 1st period - Erik Cernak is hit by Nick Paul and loses puck.
7:06 of 1st period - Shot by Noah Cates.
7:06 of 1st period - Shot Misses the Net.
7:08 of 1st period - Shot by Zach Whitecloud.
7:08 of 1st period - Stopped by Jake Oettinger with a rebound.
7:10 of 1st period - Shot by Zach Whitecloud.
7:10 of 1st period - Shot Misses the Net.
7:12 of 1st period - Shot by Zach Whitecloud.
7:12 of 1st period - Shot Blocked by T.J. Brodie.
7:14 of 1st period - Shot by Noel Acciari.
7:14 of 1st period - Shot Misses the Net.
7:52 of 1st period - Off-side.
7:53 of 1st period - Shane Pinto wins face-off versus Trevor Zegras in neutral zone.
8:26 of 1st period - Shot by Shane Pinto.
8:26 of 1st period - Stopped by Jake Oettinger without a rebound.
8:27 of 1st period - Mikael Granlund wins face-off versus Anze Kopitar in Bruins zone.
8:36 of 1st period - Shot by Anthony Duclair.
8:36 of 1st period - Shot Misses the Net.
8:38 of 1st period - Shot by Mikael Granlund.
8:38 of 1st period - Stopped by Jake Oettinger with a rebound.
8:40 of 1st period - Shot by Filip Chytil.
8:40 of 1st period - Deflect By Anthony Duclair.
8:40 of 1st period - Shot Misses the Net.
8:42 of 1st period - Shot by Mikael Granlund.
8:42 of 1st period - Deflect By Anthony Duclair.
8:42 of 1st period - Shot Misses the Net.
8:44 of 1st period - Shot by Mikael Granlund.
8:44 of 1st period - Shot Misses the Net.
8:46 of 1st period - Shot by Erik Cernak.
8:46 of 1st period - Stopped by Jake Oettinger without a rebound.
8:47 of 1st period - Alexander Wennberg wins face-off versus Trevor Zegras in Bruins zone.
9:10 of 1st period - Shot by Zach Parise.
9:10 of 1st period - Deflect By Trevor Zegras.
9:10 of 1st period - Stopped by Jordan Binnington without a rebound.
9:11 of 1st period - Mikael Granlund wins face-off versus Anze Kopitar in MapleLeafs zone.
9:40 of 1st period - Shot by Anthony Duclair.
9:40 of 1st period - Shot Misses the Net.
9:42 of 1st period - Shot by Nicolas Hague.
9:42 of 1st period - Stopped by Jake Oettinger without a rebound.
9:43 of 1st period - Trevor Zegras wins face-off versus Alexander Wennberg in Bruins zone.
11:07 of 1st period - Shot by Andrew Mangiapane.
11:07 of 1st period - Stopped by Jake Oettinger without a rebound.
11:08 of 1st period - Anze Kopitar wins face-off versus Mikael Granlund in Bruins zone.
11:08 of 1st period - Bryan Rust is hit by Erik Cernak and loses puck.
11:14 of 1st period - Yegor Sharangovich is hit by Nicolas Hague and loses puck.
12:21 of 1st period - Icing by Tom Wilson.
12:22 of 1st period - Trevor Zegras wins face-off versus Noel Acciari in Bruins zone.
12:22 of 1st period - Trevor Zegras is hit by Noel Acciari.
12:40 of 1st period - Shot by Noel Acciari.
12:40 of 1st period - Stopped by Jake Oettinger with a rebound.
13:02 of 1st period - Shot by Charlie Coyle.
13:02 of 1st period - Stopped by Jordan Binnington without a rebound.
13:03 of 1st period - Shane Pinto wins face-off versus Yegor Sharangovich in MapleLeafs zone.
13:20 of 1st period - Zach Whitecloud is hit by Charlie Coyle and loses puck.
13:24 of 1st period - Minor Penalty to Zach Whitecloud for Hooking.
13:25 of 1st period - Nicolas Roy wins face-off versus Alexander Wennberg in MapleLeafs zone.
13:28 of 1st period - Shot by Brady Skjei.
13:28 of 1st period - Stopped by Jordan Binnington with a rebound.
13:30 of 1st period - Shot by Tom Wilson.
13:30 of 1st period - Shot Misses the Net.
13:32 of 1st period - Shot by Nicolas Roy.
13:32 of 1st period - Shot Blocked by Nicolas Hague.
13:34 of 1st period - Shot by Brady Skjei.
13:34 of 1st period - Stopped by Jordan Binnington without a rebound.
13:35 of 1st period - Anze Kopitar wins face-off versus Alexander Wennberg in MapleLeafs zone.
13:46 of 1st period - Shot by Anze Kopitar.
13:46 of 1st period - Deflect By Trevor Zegras.
13:46 of 1st period - Goal by Trevor Zegras - Bruins : 1 - MapleLeafs : 0.
13:47 of 1st period - Shane Pinto wins face-off versus Trevor Zegras in neutral zone.
14:10 of 1st period - Shot by Zach Parise.
14:10 of 1st period - Stopped by Jordan Binnington without a rebound.
14:11 of 1st period - Charlie Coyle wins face-off versus Anthony Duclair in MapleLeafs zone.
14:12 of 1st period - Shot by Brady Skjei.
14:12 of 1st period - Stopped by Jordan Binnington with a rebound.
14:20 of 1st period - Shot by Kailer Yamamoto.
14:20 of 1st period - Shot Misses the Net.
15:40 of 1st period - Shot by Anze Kopitar.
15:40 of 1st period - Shot Misses the Net.
15:57 of 1st period - Tom Wilson is hit by Alexander Romanov and loses puck.
16:03 of 1st period - Trevor Zegras is hit by Alexander Romanov and loses puck.
16:31 of 1st period - Shot by Trevor Zegras.
16:31 of 1st period - Shot Misses the Net.
16:33 of 1st period - Shot by Tom Wilson.
16:33 of 1st period - Shot Misses the Net.
16:53 of 1st period - Icing by Tyler Bertuzzi.
16:54 of 1st period - Nicolas Roy wins face-off versus Shane Pinto in Bruins zone.
18:11 of 1st period - Icing by Anthony Duclair.
18:12 of 1st period - Mikael Granlund wins face-off versus Trevor Zegras in MapleLeafs zone.
18:12 of 1st period - Mikael Granlund is hit by Tom Wilson.
18:17 of 1st period - Off-side.
18:18 of 1st period - Noah Cates wins face-off versus Anze Kopitar in neutral zone.
19:28 of 1st period - Trevor Zegras is hit by Rasmus Sandin and loses puck.
19:43 of 1st period - Shot by Tom Wilson.
19:43 of 1st period - Stopped by Jordan Binnington without a rebound.
19:44 of 1st period - Mikael Granlund wins face-off versus Charlie Coyle in MapleLeafs zone.
Goals for this period are 1 for Bruins vs 0 for MapleLeafs.
Shots for this period are 13 for Bruins vs 8 for MapleLeafs.

2nd period


0:01 of 2nd period - Shane Pinto wins face-off versus Nick Paul in neutral zone.
0:09 of 2nd period - Shot by Jon Marchessault.
0:09 of 2nd period - Stopped by Jake Oettinger without a rebound.
0:10 of 2nd period - Anze Kopitar wins face-off versus Alexander Wennberg in Bruins zone.
1:13 of 2nd period - Shot by Kailer Yamamoto.
1:13 of 2nd period - Goal by Kailer Yamamoto - Bruins : 2 - MapleLeafs : 0.
1:14 of 2nd period - Shane Pinto wins face-off versus Trevor Zegras in neutral zone.
1:30 of 2nd period - Minor Penalty to Jamie Oleksiak for Hooking.
1:31 of 2nd period - Charlie Coyle wins face-off versus Jonathan Huberdeau in Bruins zone.
1:42 of 2nd period - Shot by Nicolas Hague.
1:42 of 2nd period - Stopped by Jake Oettinger with a rebound.
1:44 of 2nd period - Shot by Nicolas Hague.
1:44 of 2nd period - Shot Blocked by Brett Pesce.
3:03 of 2nd period - Icing by John Marino.
3:04 of 2nd period - Charlie Coyle wins face-off versus Alexander Wennberg in MapleLeafs zone.
3:52 of 2nd period - Shot by Tom Wilson.
3:52 of 2nd period - Stopped by Jordan Binnington without a rebound.
3:53 of 2nd period - Filip Chytil wins face-off versus Nicolas Roy in MapleLeafs zone.
3:53 of 2nd period - Filip Chytil is hit by Nicolas Roy.
3:59 of 2nd period - Shot by Nick Paul.
3:59 of 2nd period - Stopped by Jordan Binnington with a rebound.
4:01 of 2nd period - Shot by Nick Paul.
4:01 of 2nd period - Goal by Nick Paul - Bruins : 3 - MapleLeafs : 0.
4:02 of 2nd period - Mikael Granlund wins face-off versus Trevor Zegras in neutral zone.
4:11 of 2nd period - Shot by Mikael Granlund.
4:11 of 2nd period - Shot Blocked by Cam Fowler.
4:13 of 2nd period - Shot by Anthony Duclair.
4:13 of 2nd period - Shot Misses the Net.
4:15 of 2nd period - Shot by Filip Chytil.
4:15 of 2nd period - Stopped by Jake Oettinger without a rebound.
4:16 of 2nd period - Charlie Coyle wins face-off versus Shane Pinto in Bruins zone.
4:16 of 2nd period - Charlie Coyle is hit by Jon Marchessault.
4:21 of 2nd period - Mark Giordano is hit by Shane Pinto and loses puck.
4:50 of 2nd period - Shot by Jon Marchessault.
4:50 of 2nd period - Shot Misses the Net.
4:52 of 2nd period - Shot by Andrew Mangiapane.
4:52 of 2nd period - Deflect By Jon Marchessault.
4:52 of 2nd period - Stopped by Jake Oettinger without a rebound.
4:53 of 2nd period - Mikael Granlund wins face-off versus Yegor Sharangovich in Bruins zone.
5:10 of 2nd period - Shot by Anthony Duclair.
5:10 of 2nd period - Goal by Anthony Duclair - Bruins : 3 - MapleLeafs : 1.
5:11 of 2nd period - Trevor Zegras wins face-off versus Alexander Wennberg in neutral zone.
6:09 of 2nd period - Shot by Mikael Granlund.
6:09 of 2nd period - Stopped by Jake Oettinger without a rebound.
6:10 of 2nd period - Shane Pinto wins face-off versus Bryan Rust in Bruins zone.
6:12 of 2nd period - Minor Penalty to Brett Pesce for Goalie Interference.
6:13 of 2nd period - Jonathan Huberdeau wins face-off versus Charlie Coyle in Bruins zone.
6:14 of 2nd period - Shot by Rasmus Sandin.
6:14 of 2nd period - Stopped by Jake Oettinger without a rebound.
6:15 of 2nd period - Charlie Coyle wins face-off versus Jonathan Huberdeau in Bruins zone.
7:32 of 2nd period - Shot by Nicolas Hague.
7:32 of 2nd period - Stopped by Jake Oettinger without a rebound.
7:33 of 2nd period - Alexander Wennberg wins face-off versus Charlie Coyle in Bruins zone.
8:00 of 2nd period - Shot by Jon Marchessault.
8:00 of 2nd period - Shot Misses the Net.
8:09 of 2nd period - Off-side.
8:10 of 2nd period - Charlie Coyle wins face-off versus Jonathan Huberdeau in neutral zone.
8:37 of 2nd period - Shot by Tom Wilson.
8:37 of 2nd period - Stopped by Jordan Binnington with a rebound.
8:39 of 2nd period - Shot by Tom Wilson.
8:39 of 2nd period - Shot Misses the Net.
8:45 of 2nd period - Shot by Trevor Zegras.
8:45 of 2nd period - Shot Misses the Net.
9:03 of 2nd period - Jonatan Berggren is hit by Anze Kopitar and loses puck.
9:40 of 2nd period - Shot by Filip Chytil.
9:40 of 2nd period - Stopped by Jake Oettinger with a rebound.
9:50 of 2nd period - Shot by Anthony Duclair.
9:50 of 2nd period - Shot Misses the Net.
10:40 of 2nd period - Charlie Coyle is hit by Erik Cernak and loses puck.
10:43 of 2nd period - Shot by Kailer Yamamoto.
10:43 of 2nd period - Stopped by Jordan Binnington without a rebound.
10:44 of 2nd period - Trevor Zegras wins face-off versus Alexander Wennberg in MapleLeafs zone.
10:48 of 2nd period - Icing by Alexander Romanov.
10:49 of 2nd period - Alexander Wennberg wins face-off versus Trevor Zegras in MapleLeafs zone.
11:24 of 2nd period - T.J. Brodie is hit by Alexander Romanov and loses puck.
12:25 of 2nd period - Shot by Brett Pesce.
12:25 of 2nd period - Stopped by Jordan Binnington with a rebound.
12:52 of 2nd period - Zach Whitecloud is hit by Nick Paul and loses puck.
13:08 of 2nd period - Icing by Rasmus Sandin.
13:09 of 2nd period - Anze Kopitar wins face-off versus Shane Pinto in MapleLeafs zone.
13:26 of 2nd period - Shot by Anze Kopitar.
13:26 of 2nd period - Shot Misses the Net.
14:01 of 2nd period - Shot by Filip Chytil.
14:01 of 2nd period - Stopped by Jake Oettinger with a rebound.
14:03 of 2nd period - Shot by Mikael Granlund.
14:03 of 2nd period - Shot Blocked by Brady Skjei.
14:33 of 2nd period - Shot by Mikael Granlund.
14:33 of 2nd period - Shot Misses the Net.
14:45 of 2nd period - Shot by Tyler Bertuzzi.
14:45 of 2nd period - Stopped by Jordan Binnington without a rebound.
14:46 of 2nd period - Alexander Wennberg wins face-off versus Trevor Zegras in MapleLeafs zone.
14:46 of 2nd period - Alexander Wennberg is hit by Tom Wilson.
14:54 of 2nd period - Shot by Tom Wilson.
14:54 of 2nd period - Shot Misses the Net.
14:56 of 2nd period - Shot by Zach Parise.
14:56 of 2nd period - Shot Misses the Net.
15:34 of 2nd period - Alexander Wennberg is hit by Tom Wilson and loses puck.
15:53 of 2nd period - Erik Cernak is hit by Charlie Coyle and loses puck.
16:12 of 2nd period - Mark Giordano is hit by Noel Acciari and loses puck.
16:40 of 2nd period - Off-side.
16:41 of 2nd period - Anze Kopitar wins face-off versus Mikael Granlund in neutral zone.
16:47 of 2nd period - Icing by John Marino.
16:48 of 2nd period - Mikael Granlund wins face-off versus Anze Kopitar in MapleLeafs zone.
17:50 of 2nd period - Icing by Brady Skjei.
17:51 of 2nd period - Anze Kopitar wins face-off versus Drake Batherson in Bruins zone.
17:53 of 2nd period - Brady Skjei is hit by Drake Batherson and loses puck.
19:28 of 2nd period - Charlie Coyle is hit by Drake Batherson and loses puck.
19:52 of 2nd period - Alexander Wennberg is hit by Cam Fowler and loses puck.
Goals for this period are 2 for Bruins vs 1 for MapleLeafs.
Shots for this period are 8 for Bruins vs 10 for MapleLeafs.

3rd period


0:01 of 3rd period - Mikael Granlund wins face-off versus Anze Kopitar in neutral zone.
0:21 of 3rd period - Anthony Duclair is hit by Bryan Rust and loses puck.
0:35 of 3rd period - Bryan Rust is hit by Zach Whitecloud and loses puck.
1:30 of 3rd period - Shot by Andrew Mangiapane.
1:30 of 3rd period - Shot Misses the Net.
1:32 of 3rd period - Shot by Andrew Mangiapane.
1:32 of 3rd period - Shot Blocked by Kailer Yamamoto.
1:50 of 3rd period - Shot by Trevor Zegras.
1:50 of 3rd period - Shot Misses the Net.
2:30 of 3rd period - Icing by Tom Wilson.
2:31 of 3rd period - Noel Acciari wins face-off versus Trevor Zegras in Bruins zone.
2:31 of 3rd period - Nicolas Hague is hit by Jamie Oleksiak and loses puck.
2:32 of 3rd period - Nicolas Hague from MapleLeafs is injured at 2:32 of 3rd period (Bruised Right Foot).
2:33 of 3rd period - Anze Kopitar wins face-off versus Alexander Wennberg in Bruins zone.
3:45 of 3rd period - Shot by Mikael Granlund.
3:45 of 3rd period - Shot Blocked by Mark Giordano.
3:59 of 3rd period - Anthony Duclair is hit by Brett Pesce.
4:16 of 3rd period - Bryan Rust is hit by Alexander Romanov and loses puck.
5:50 of 3rd period - Shot by Trevor Zegras.
5:50 of 3rd period - Shot Misses the Net.
6:10 of 3rd period - Trevor Zegras is hit by Anthony Duclair and loses puck.
6:39 of 3rd period - Shot by Nicolas Roy.
6:39 of 3rd period - Stopped by Jordan Binnington without a rebound.
6:40 of 3rd period - Charlie Coyle wins face-off versus Alexander Wennberg in MapleLeafs zone.
7:13 of 3rd period - Shot by Jonathan Huberdeau.
7:13 of 3rd period - Stopped by Jake Oettinger with a rebound.
7:31 of 3rd period - Shot by Jon Marchessault.
7:31 of 3rd period - Deflect By Andrew Mangiapane.
7:31 of 3rd period - Shot Blocked by T.J. Brodie.
7:33 of 3rd period - Shot by Andrew Mangiapane.
7:33 of 3rd period - Shot Misses the Net.
7:43 of 3rd period - Shot by Zach Whitecloud.
7:43 of 3rd period - Stopped by Jake Oettinger without a rebound.
7:44 of 3rd period - Mikael Granlund wins face-off versus Anze Kopitar in Bruins zone.
7:44 of 3rd period - Alexander Romanov is hit by Brady Skjei and loses puck.
8:08 of 3rd period - Anze Kopitar is hit by Erik Cernak and loses puck.
9:44 of 3rd period - Shot by Tyler Bertuzzi.
9:44 of 3rd period - Shot Misses the Net.
9:46 of 3rd period - Shot by Cam Fowler.
9:46 of 3rd period - Stopped by Jordan Binnington with a rebound.
10:02 of 3rd period - Shot by Anze Kopitar.
10:02 of 3rd period - Shot Blocked by Rasmus Sandin.
10:04 of 3rd period - Shot by T.J. Brodie.
10:04 of 3rd period - Shot Misses the Net.
10:10 of 3rd period - Shot by Yegor Sharangovich.
10:10 of 3rd period - Stopped by Jordan Binnington without a rebound.
10:11 of 3rd period - Alexander Wennberg wins face-off versus Anze Kopitar in MapleLeafs zone.
11:08 of 3rd period - Shot by Trevor Zegras.
11:08 of 3rd period - Shot Misses the Net.
11:18 of 3rd period - Shot by Noah Cates.
11:18 of 3rd period - Shot Misses the Net.
12:49 of 3rd period - Shot by Yegor Sharangovich.
12:49 of 3rd period - Shot Misses the Net.
12:53 of 3rd period - Shot by Anze Kopitar.
12:53 of 3rd period - Shot Misses the Net.
12:55 of 3rd period - Shot by Bryan Rust.
12:55 of 3rd period - Stopped by Jordan Binnington without a rebound.
12:56 of 3rd period - Shane Pinto wins face-off versus Trevor Zegras in MapleLeafs zone.
13:56 of 3rd period - Shot by Bryan Rust.
13:56 of 3rd period - Shot Hit the Post.
14:10 of 3rd period - Shot by Bryan Rust.
14:10 of 3rd period - Stopped by Jordan Binnington without a rebound.
14:11 of 3rd period - Mikael Granlund wins face-off versus Charlie Coyle in MapleLeafs zone.
14:11 of 3rd period - Mikael Granlund is hit by Kailer Yamamoto.
14:34 of 3rd period - Shot by Charlie Coyle.
14:34 of 3rd period - Shot Misses the Net.
14:36 of 3rd period - Shot by Nick Paul.
14:36 of 3rd period - Shot Misses the Net.
15:36 of 3rd period - Shot by Alexander Wennberg.
15:36 of 3rd period - Shot Misses the Net.
16:48 of 3rd period - Shot by Jonathan Huberdeau.
16:48 of 3rd period - Stopped by Jake Oettinger without a rebound.
16:49 of 3rd period - Nicolas Roy wins face-off versus Mikael Granlund in Bruins zone.
17:02 of 3rd period - Erik Cernak is hit by Nicolas Roy and loses puck.
17:23 of 3rd period - Shot by Nick Paul.
17:23 of 3rd period - Shot Misses the Net.
17:25 of 3rd period - Shot by Nick Paul.
17:25 of 3rd period - Goal by Nick Paul - Bruins : 4 - MapleLeafs : 1.
17:26 of 3rd period - Alexander Wennberg wins face-off versus Trevor Zegras in neutral zone.
17:59 of 3rd period - Shot by Tom Wilson.
17:59 of 3rd period - Stopped by Jordan Binnington without a rebound.
18:00 of 3rd period - Anze Kopitar wins face-off versus Jon Marchessault in MapleLeafs zone.
18:12 of 3rd period - Minor Penalty to Alexander Romanov for High sticking.
18:13 of 3rd period - Nicolas Roy wins face-off versus Alexander Wennberg in MapleLeafs zone.
18:20 of 3rd period - Shot by Kailer Yamamoto.
18:20 of 3rd period - Shot Misses the Net.
18:24 of 3rd period - Shot by T.J. Brodie.
18:24 of 3rd period - Shot Misses the Net.
18:26 of 3rd period - Shot by Nicolas Roy.
18:26 of 3rd period - Shot Misses the Net.
18:36 of 3rd period - Shot by Tom Wilson.
18:36 of 3rd period - Goal by Tom Wilson - Bruins : 5 - MapleLeafs : 1.
18:37 of 3rd period - Mikael Granlund wins face-off versus Anze Kopitar in neutral zone.
19:08 of 3rd period - Icing by Zach Whitecloud.
19:09 of 3rd period - Charlie Coyle wins face-off versus Mikael Granlund in MapleLeafs zone.
19:26 of 3rd period - Shot by Mark Giordano.
19:26 of 3rd period - Shot Misses the Net.
19:46 of 3rd period - Shot by Kailer Yamamoto.
19:46 of 3rd period - Stopped by Jordan Binnington without a rebound.
19:47 of 3rd period - Shane Pinto wins face-off versus Anze Kopitar in MapleLeafs zone.
Goals for this period are 2 for Bruins vs 0 for MapleLeafs.
Shots for this period are 9 for Bruins vs 3 for MapleLeafs.